 Dungeon Crawl Stone Soup version 0.32-a0-468-g38b2580584 (webtiles) character file.

Game seed: 1439357264251932177

129947 CougarLife the Severer (level 17, -2/174 HPs)
             Began as a Gargoyle Berserker on Feb 24, 2024.
             Was a High Priest of Trog.
             Killed by the air
             ... invoked by a wind drake
              (22 damage)
             ... on level 3 of the Shoals.
             The game lasted 00:47:54 (25403 turns).

CougarLife the Severer (Gargoyle Berserker)        Turns: 25403, Time: 00:47:55

Health: -2/174     AC: 36    Str: 34    XL:     17   Next: 6%
Magic:  17/17      EV: 15    Int: 18    God:    Trog [*****.]
Gold:   210        SH: 16    Dex:  9    Spells: 16/16 levels left

rFire   + + .        F - +0 broad axe (freeze)
rCold   + . .        P - +0 kite shield
rNeg    + . .        M - +4 ring mail {rC+}
rPois   ∞            T - +1 helmet
rElec   +            B - +1 cloak of Starlight {*Dazzle EV+4 Stlth--}
rCorr   +            X - +1 pair of gloves of Viuzich {Regen+ rCorr Int+5}
SInv    .            c - +0 pair of boots
Will    +++..        v - amulet of Stoicism {Reflect rF++ Int+4 SH+5} Stlth
                     Y - +6 ring of strength
HPRegen 2.29/turn    w - +4 ring of protection
MPRegen 0.15/turn

%: reflection
@: berserking (expiring), strong-willed (expiring), flying, regenerating
(expiring), studying Shields, very quick
A: sickness immunity, AC +12, big wings, negative energy resistance 1,
electricity resistance, torment resistance 1, petrification resistance
a: Renounce Religion, Berserk, Trog's Hand, Brothers in Arms


You were on level 3 of the Shoals.
You worshipped Trog.
Trog was extremely pleased with you.
You visited 5 branches of the dungeon, and saw 26 of its levels.
You also visited: Sewer and Ice Cave.

You collected 2464 gold pieces.
You spent 2254 gold pieces at shops.

Inventory:

Hand Weapons
 F - a +0 broad axe of freezing (weapon)
Missiles
 f - 48 poisoned darts (quivered)
 j - 2 curare-tipped darts
 q - 12 boomerangs
 R - a throwing net
 U - 8 javelins
Armour
 c - a +0 pair of boots (worn)
 B - the +1 cloak of Starlight (worn) {*Dazzle EV+4 Stlth--}
   (You found it on level 13 of the Dungeon)

   *Dazzle:   It may blind those who miss an attack against the wearer in melee
   combat.
   EV+4:      It affects your evasion (+4).
   Stlth--:   It makes you much less stealthy.
 M - a +4 ring mail of cold resistance (worn)
 P - a +0 kite shield (worn)
 T - a +1 helmet (worn)
 X - the +1 pair of gloves of Viuzich (worn) {Regen+ rCorr Int+5}
   (You found it on level 2 of the Lair of Beasts)

   Int+5:     It affects your intelligence (+5).
   Regen+:    It increases your rate of health regeneration.
   rCorr:     It protects you from acid and corrosion.
Jewellery
 b - a ring of protection from fire
 v - the amulet of Stoicism (around neck) {Reflect rF++ Int+4 SH+5}
   (You acquired it on level 15 of the Dungeon)

   [amulet of reflection]

   Reflect:   It reflects blocked missile attacks.
   Int+4:     It affects your intelligence (+4).
   rF++:      It greatly protects you from fire.
   SH+5:      It affects your SH (+5).
 w - a +4 ring of protection (right hand)
 A - a ring of ice
 J - a ring of fire
 Y - a +6 ring of strength (left hand)
 Z - the ring of Ru's Esteem {rElec rC+ Str+2 Dex+3}
   (You found it in an ice cave)

   [ring of protection from cold]

   Str+2:     It affects your strength (+2).
   Dex+3:     It affects your dexterity (+3).
   rC+:       It protects you from cold.
   rElec:     It insulates you from electricity.
Wands
 y - a wand of flame (54)
 E - a wand of roots (31)
 I - a wand of quicksilver (24)
 O - a wand of paralysis (7)
Scrolls
 a - 4 scrolls of poison
 d - 4 scrolls of immolation
 h - 7 scrolls of teleportation
 i - 4 scrolls of blinking
 k - 2 scrolls of vulnerability
 n - 4 scrolls of fear
 p - 5 scrolls of revelation
 r - 6 scrolls of enchant armour
 u - a scroll of fog {unknown}
 C - 4 scrolls of torment
 D - 4 scrolls of enchant weapon
 H - 4 scrolls of butterflies
 Q - 2 scrolls of noise
Potions
 e - 5 potions of attraction
 g - 5 potions of mutation
 l - 4 potions of might
 m - 5 potions of lignification
 o - 3 potions of brilliance {unknown}
 s - 8 potions of heal wounds
 t - 3 potions of cancellation
 x - 5 potions of curing
 z - 3 potions of enlightenment {unknown}
 G - a potion of ambrosia {unknown}
 K - 4 potions of haste
 L - 2 potions of resistance {unknown}
 N - 4 potions of degeneration {unknown}
 V - a potion of invisibility {unknown}
 W - a potion of berserk rage {unknown}


   Skills:
 + Level 16.5 Fighting
 - Level 18.1 Axes
 + Level 11.7 Throwing
 + Level 10.2 Armour
 - Level 2.0 Dodging
 + Level 12.2 Shields


You had 16 spell levels left.
You didn't know any spells.
Your spell library was empty.

Dungeon Overview and Level Annotations

Branches:
Dungeon (15/15)            Temple (1/1) D:6            Lair (5/5) D:11
 Shoals (3/4) Lair:3       Spider (0/4) Lair:3        Slime (0/5) Lair:5
    Orc (2/2) D:12            Elf (0/3) Orc:2        Vaults (0/5) D:14
 Depths (0/4) D:15          Sewer (visited)           IceCv (visited)

Altars:
Ashenzari
Cheibriados
Dithmenos
Elyvilon
Fedhas
Gozag
Hepliaklqana
Kikubaaqudgha
Makhleb
Nemelex Xobeh
Okawaru
Qazlal
Ru
Sif Muna
Trog
Uskayaw
Vehumet
Wu Jian
Xom
Yredelemnul
Zin
The Shining One
Jiyva

Shops:
D:8 =   D:9 *   D:15 *![*   Orc:2 *:[:

Annotations:
D:6 1 runed translucent door, asd2613's ghost, novice MDFi
D:13 2 transporters, Dodiz's ghost, journeyman BaFi


Innate Abilities, Weirdness & Mutations

You are immune to sickness and miasma.
Your stone body is resilient. (AC +12)
You are immune to poison.
Your large and strong wings let you fly.
You resist negative energy. (rN+)
You are resistant to electric shocks. (rElec)
You are resistant to unholy torment.
You are immune to petrification.


Message History

Ilsuiw is moderately wounded.
The rime drake hisses angrily.
The sea snake hisses angrily.
You hit the water elemental. You freeze the water elemental.
You feel the effects of Trog's Hand fading.
You slice Ilsuiw!! You freeze Ilsuiw!
Ilsuiw is heavily wounded.
You barely miss the water elemental. Ilsuiw hits you but does no damage.
The water elemental hits you.
* * * LOW HITPOINT WARNING * * *
The water elemental engulfs you in water!
You slash Ilsuiw! You freeze Ilsuiw.
Ilsuiw is severely wounded.
You hit the water elemental. You freeze the water elemental. You slash Ilsuiw!
You freeze Ilsuiw.
Ilsuiw is severely wounded.
You slash the steam dragon! You freeze the steam dragon.
You hit the water elemental. You freeze the water elemental.
A faun comes into view. It is wielding a +0 spear.
The wind drake flaps its wings at you. The air twists around and strikes you!
* * * LOW HITPOINT WARNING * * *
Ilsuiw casts a spell.
The faun shouts!
You slash the steam dragon! You freeze the steam dragon.
The steam dragon is almost dead.
You barely miss the water elemental. You slice Ilsuiw!! You freeze Ilsuiw!
The tide is released from Ilsuiw's call.
You kill Ilsuiw!
Trog accepts your kill.
Trog appreciates your killing of a magic user.
You hear a splash. x2
The water elemental disappears in a puff of smoke! x4
The water engulfing you falls away. You block the steam dragon's attack.
The steam dragon claws you but does no damage.
You slice the steam dragon!! You freeze the steam dragon.
You kill the steam dragon!
Trog accepts your kill. The wind drake flaps its wings at you.
The air twists around and strikes you!!
You die...

≈~~.................~~~
≈~.......~~~~~~~~~~~~~~~~
~........~~~~~~~~~~~~~~~~
.....†...~~~~~~~~~~~~~~~~
....))[.[~~~~~~~~~~~~~~~~
~...<....~~~~§~~~~~~~≈~~~
~....###.~~≈≈≈≈§~~~~~~~≈~
≈.....##.~~≈≈≈§§)~~~~~~~≈
≈......^.~~≈≈≈~§@)S~k~~~~
≈~......P~~≈≈≈§~§†...~~~~
~PP.....~P≈≈≈≈~~~)...~~~~
PP~....P~~≈≈≈≈~~~~...~~~~
≈P~~~~~P~≈≈≈~~~~~^...~~~~
≈≈≈~~~PP≈≈≈≈~~~~~~...k~~~
≈≈≈≈≈≈≈≈≈≈≈≈≈~~~~~...≈~≈~
≈≈≈≈≈~~~~~...~c~
≈≈≈≈~~~~~~..~~~


You could see a sea snake, a wind drake (repels missiles), a faun and a rime
drake.

Vanquished Creatures
  Jorgrun (Shoals:2)
  3 krakens
  Gastronok (D:11)
  Frances (D:14)
  Ilsuiw (Shoals:3)
  A frost giant (D:15)
  An ironbound preserver (D:14)
  The ghost of MrSquiggles the Spear-Bearer, a journeyman MDFi of Okawaru (Orc:2)
  The ghost of rbyellow5 the Basher, a journeyman OnWr of the Shining One (D:14)
  A white draconian (IceCv)
  A dire elephant (Lair:5)
  Snorg (Lair:2)
  An ettin (Orc:1)
  2 merfolk javelineers (Shoals:3)
  The ghost of Arkalis the Basher, a journeyman DrFi of Trog (Orc:2)
  Erolcha (Orc:1)
  Harold (D:9)
  A rakshasa (D:15)
  3 hydras
  4 ogre magi (Orc:2)
  4 centaur warriors (D:13)
  A merfolk avatar (Shoals:1)
  3 boulder beetles
  Erica (D:9)
  2 catoblepae
  2 alligator snapping turtles
  6 merfolk aquamancers
  A deep troll shaman (Lair:5)
  23 death yaks
  2 tengu warriors (D:15)
  Urug (D:11)
  15 two-headed ogres
  An orc high priest (Orc:1)
  2 skysharks
  A flayed ghost (D:14)
  2 sea snakes (Shoals:1)
  A glowing orange brain (D:14)
  2 phantasmal warriors (D:14)
  8 harpies
  An orc knight (Orc:1)
  3 deep elf pyromancers
  Pikel (D:5)
  9 manticores
  5 ugly things
  4 fauns
  3 oklob plants
  The ghost of Dittersdorf the Shield-Bearer, a novice GrFi of Gozag (D:7)
  4 cyclopes
  10 elephants
  5 water nymphs
  2 merfolk sirens (Shoals:3)
  2 black mambas (shapeshifter)
  5 kobold blastminers
  2 ice statues (IceCv)
  3 meliai (D:14)
  2 black mambas
  Maggie (D:6)
  An unseen horror (D:12)
  A torpor snail (Lair:3)
  9 cane toads
  A cane toad (shapeshifter) (D:14)
  10 rime drakes
  Psyche (D:8)
  A freezing wraith (D:14)
  5 komodo dragons
  9 trolls
  7 polar bears
  18 merfolk
  Prince Ribbit (D:6)
  A tarantella (shapeshifter) (D:13)
  3 wind drakes
  Grinder (D:3)
  4 blink frogs
  5 snapping turtles
  3 slime creatures (D:12)
  2 dream sheep (Shoals:1)
  5 culicivoras (Lair:3)
  6 wyverns
  Sigmund (D:3)
  3 wraiths
  14 water elementals
  Eustachio (D:5)
  7 basilisks
  2 wargs (Orc:1)
  Grum (D:9)
  52 yaks
  9 vampire mosquitoes
  2 steam dragons
  A redback (Lair:3)
  3 acid dragons
  Edmund (D:6)
  15 water moccasins
  3 ice beasts
  10 orc warriors
  2 laughing skulls (D:15)
  A sky beast (D:7)
  2 black bears
  22 ogres
  9 centaurs
  7 wolves
  2 lemures (D:4)
  2 phantoms
  2 kobold brigands
  3 bullfrogs
  Blork the orc (D:6)
  3 scorpions
  7 wights
  2 lindwurm simulacra (IceCv)
  8 killer bees
  An electric eel (Lair:3)
  3 bombardier beetles
  9 howler monkeys
  8 komodo dragon simulacra (IceCv)
  7 orc priests
  2 hounds
  7 jellies
  2 gnoll boudas
  Jessica (D:2)
  2 iguanas
  A sleepcap (D:6)
  Natasha (thrice) (D:3)
  17 orc wizards
  A mummy (D:5)
  8 gnolls (D:10)
  4 acid dragon simulacra (IceCv)
  8 adders
  4 river rats
  A shadow imp (D:6)
  A white imp (D:8)
  6 ufetubi
  7 steam dragon simulacra (IceCv)
  10 ribbon worms
  A dart slug (D:2)
  57 orcs
  5 bats (D:2)
  19 endoplasms
  6 giant cockroaches
  4 goblins
  3 hobgoblins
  4 quokkas
  11 ball pythons
  6 frilled lizards
  13 kobolds
  9 rats
  2 butterflies (Lair:1)
  9 tentacles
723 creatures vanquished.

Vanquished Creatures (others)
  33 tentacles
33 creatures vanquished.

Grand Total: 756 creatures vanquished

Notes
Turn   | Place    | Note
-------+----------+-------------------------------------------
     0 | D:1      | CougarLife the Gargoyle Berserker began the quest for the
                  | Orb.
     0 | D:1      | Reached XP level 1. HP: 14/14 MP: 1/1
   283 | D:1      | Reached XP level 2. HP: 18/19 MP: 2/2
   700 | D:2      | Reached skill level 3 in Axes
   911 | D:2      | Reached XP level 3. HP: 12/23 MP: 3/3
  1213 | D:2      | Reached ** piety under Trog
  1470 | D:2      | Reached XP level 4. HP: 19/29 MP: 2/4
  1743 | D:2      | Noticed Jessica
  1747 | D:2      | Killed Jessica
  1748 | D:2      | Reached skill level 4 in Axes
  1975 | D:3      | Noticed Sigmund
  1988 | D:3      | Killed Sigmund
  1989 | D:3      | Reached skill level 5 in Axes
  1989 | D:3      | Reached XP level 5. HP: 20/34 MP: 1/5
  1989 | D:3      | Reached XP level 6. HP: 23/40 MP: 1/6
  2076 | D:3      | Noticed Grinder
  2090 | D:3      | Killed Grinder
  2091 | D:3      | Reached skill level 5 in Fighting
  2091 | D:3      | Reached XP level 7. HP: 44/44 MP: 7/7
  2416 | D:3      | Reached skill level 6 in Axes
  2450 | D:3      | Found a bloodstained altar of Trog.
  2686 | D:3      | Noticed Natasha
  2687 | D:3      | Found a basalt altar of Yredelemnul.
  2695 | D:3      | Killed Natasha
  2950 | D:3      | Noticed Natasha
  2958 | D:3      | Killed Natasha
  3075 | D:3      | Noticed Natasha
  3081 | D:3      | Killed Natasha
  3390 | D:4      | Found a sacrificial altar of Ru.
  3391 | D:4      | Found a radiant altar of Vehumet.
  3415 | D:4      | Identified the +11 dagger "Istrewyo" {heavy, rElec Int+3}
  3758 | D:5      | Entered Level 5 of the Dungeon
  3791 | D:5      | Noticed Pikel
  3853 | D:5      | Killed Pikel
  3854 | D:5      | Reached skill level 7 in Axes
  3854 | D:5      | Reached XP level 8. HP: 53/53 MP: 8/8
  3908 | D:5      | Noticed Eustachio
  3920 | D:5      | Reached skill level 8 in Axes
  3965 | D:5      | Killed Eustachio
  4020 | D:5      | Reached *** piety under Trog
  4076 | D:5      | Found a glowing drain.
  4080 | Sewer    | Entered a sewer
  4366 | Sewer    | Found a viscous altar of Jiyva.
  4651 | D:5      | Reached **** piety under Trog
  4725 | D:5      | Reached XP level 9. HP: 58/58 MP: 9/9
  5098 | D:6      | Found a runed translucent door.
  5099 | D:6      | Noticed a cyan ugly thing
  5099 | D:6      | Noticed asd2613's ghost (novice MDFi)
  5140 | D:6      | Noticed Blork the orc
  5144 | D:6      | Killed Blork the orc
  5514 | D:6      | Noticed Edmund
  5525 | D:6      | Reached skill level 9 in Axes
  5526 | D:6      | Killed Edmund
  5582 | D:6      | Found a staircase to the Ecumenical Temple.
  5598 | Temple   | Entered the Ecumenical Temple
  5693 | D:6      | Noticed Maggie
  5706 | D:6      | Killed Maggie
  5707 | D:6      | Reached skill level 5 in Armour
  6216 | D:7      | Noticed Prince Ribbit
  6230 | D:6      | Killed Prince Ribbit
  6412 | D:7      | Reached XP level 10. HP: 66/66 MP: 10/10
  6482 | D:7      | Found a runed translucent gate.
  6483 | D:7      | Found a runed translucent gate.
  6483 | D:7      | Found a runed translucent gate.
  6489 | D:7      | Noticed Dittersdorf's ghost (novice GrFi)
  6507 | D:7      | Killed Dittersdorf's ghost
  7040 | D:8      | Noticed Psyche
  7051 | D:8      | Killed Psyche
  7455 | D:8      | Found Vaasekog's Jewellery Shop.
  7561 | D:8      | Reached skill level 10 in Axes
  7847 | D:9      | Found Foimub's General Store.
  7859 | D:9      | Noticed Harold
  7866 | D:9      | Killed Harold
  7867 | D:9      | Reached skill level 10 in Fighting
  7903 | D:9      | Bought a scroll of identify for 28 gold pieces
  7957 | D:9      | Identified the +0 ring mail of Kockiver {^Drain rCorr Str-4
                  | SInv}
  8132 | D:9      | Reached XP level 11. HP: 49/73 MP: 11/11
  8137 | D:9      | Reached ***** piety under Trog
  8138 | D:9      | Reached skill level 11 in Axes
  8255 | D:9      | Noticed Grum
  8273 | D:9      | Killed Grum
  8500 | D:9      | Noticed Erica
  8510 | D:9      | Killed Erica
  8732 | D:10     | Entered Level 10 of the Dungeon
  9327 | D:10     | Reached skill level 1 in Shields
  9329 | D:10     | Reached skill level 12 in Axes
  9558 | D:11     | Noticed an oklob plant
  9558 | D:11     | Noticed a cyclops
  9567 | D:11     | Killed a cyclops
  9856 | D:11     | Found a staircase to the Lair.
 10104 | D:11     | Noticed Urug
 10104 | D:11     | Paralysed by Urug for 3 turns
 10126 | D:11     | Killed Urug
 10489 | D:11     | Noticed Gastronok
 10511 | D:11     | Killed Gastronok
 10512 | D:11     | Reached skill level 5 in Shields
 10512 | D:11     | Reached XP level 12. HP: 81/81 MP: 12/12
 11062 | Lair:1   | Entered Level 1 of the Lair of Beasts
 11126 | Lair:1   | Reached skill level 1 in Throwing
 11259 | Lair:1   | Found a shadowy altar of Dithmenos.
 11310 | Lair:1   | Noticed a death yak
 11313 | Lair:1   | Noticed a death yak
 11316 | Lair:1   | Noticed a death yak
 11322 | Lair:1   | Noticed a death yak
 11344 | Lair:1   | Killed a death yak
 11345 | Lair:1   | Reached skill level 5 in Throwing
 11352 | Lair:1   | Killed a death yak
 11360 | Lair:1   | Killed a death yak
 11369 | Lair:1   | Killed a death yak
 11967 | Lair:2   | Identified the +1 pair of gloves of Viuzich {Regen+ rCorr
                  | Int+5}
 12112 | D:8      | Bought a +4 ring of protection for 504 gold pieces
 12386 | Lair:2   | Reached skill level 13 in Axes
 12467 | Lair:2   | Reached XP level 13. HP: 87/87 MP: 13/13
 13129 | Lair:3   | Found a frozen archway.
 13139 | IceCv    | Entered an ice cave
 13184 | IceCv    | Identified the +3 short sword of the Tent {heavy, rN+
                  | Dex+3} (Trog gifted it to you in an ice cave)
 13184 | IceCv    | Received a gift from Trog
 13605 | IceCv    | Noticed a white draconian
 13621 | IceCv    | Killed a white draconian
 13685 | IceCv    | Identified the ring of Ru's Esteem {rElec rC+ Str+2 Dex+3}
 13907 | Lair:3   | Noticed Snorg
 14007 | Lair:2   | Killed Snorg
 14079 | Lair:3   | Found a staircase to the Shoals.
 14124 | Lair:3   | Reached skill level 14 in Axes
 14375 | Lair:3   | Found a hole to the Spider Nest.
 15222 | Lair:4   | Gained mutation: Your large and strong wings let you fly.
                  | [Gargoyle growth]
 15222 | Lair:4   | Reached XP level 14. HP: 95/95 MP: 12/14
 15626 | Lair:5   | Entered Level 5 of the Lair of Beasts
 15681 | Lair:5   | Reached skill level 15 in Axes
 15839 | Lair:5   | Found a staircase to the Slime Pits.
 15840 | Lair:5   | Found a viscous altar of Jiyva.
 16639 | Lair:5   | Noticed a dire elephant
 16646 | Lair:5   | Killed a dire elephant
 16655 | Lair:5   | Identified the ring "Zereikh" {rF- rN++ Int+6 Dex+2}
 17296 | D:12     | Found an ancient bone altar of Kikubaaqudgha.
 17360 | D:12     | Reached skill level 10 in Armour
 17497 | D:12     | Found a staircase to the Orcish Mines.
 17809 | Orc:1    | Entered Level 1 of the Orcish Mines
 17827 | Orc:1    | Reached XP level 15. HP: 91/101 MP: 12/15
 17861 | Orc:1    | Received a gift from Trog
 17900 | Orc:1    | Reached skill level 16 in Axes
 17954 | Orc:1    | Noticed Erolcha
 17979 | Orc:1    | Killed Erolcha
 18342 | Orc:2    | Entered Level 2 of the Orcish Mines
 18442 | Orc:2    | Found a staircase to the Elven Halls.
 18523 | Orc:2    | Found a runed translucent gate.
 18524 | Orc:2    | Found a runed translucent gate.
 18524 | Orc:2    | Found a runed translucent gate.
 18597 | Orc:2    | Reached skill level 10 in Throwing
 18609 | Orc:2    | Reached skill level 15 in Fighting
 18634 | Orc:2    | Received a gift from Trog
 18820 | Orc:2    | Found Kenefy's Antique Armour Shop.
 18820 | Orc:2    | Found Tebodat's Assorted Antiques.
 18820 | Orc:2    | Found Peipla Byse's Book Shoppe.
 18820 | Orc:2    | Found Hean's Book Shop.
 18828 | Orc:2    | Bought a manual of Shields for 880 gold pieces
 18830 | Orc:2    | Bought a scroll of teleportation for 60 gold pieces
 18830 | Orc:2    | Bought a scroll of blinking for 150 gold pieces
 18919 | Orc:2    | Noticed Arkalis's ghost (journeyman DrFi)
 18919 | Orc:2    | Noticed MrSquiggles's ghost (journeyman MDFi)
 19021 | Orc:2    | Killed Arkalis's ghost
 19036 | Orc:2    | Killed MrSquiggles's ghost
 19370 | D:13     | Found the +1 cloak of Starlight {*Dazzle EV+4 Stlth--}
 19534 | D:13     | Found a transporter.
 19679 | D:13     | Noticed Dodiz's ghost (journeyman BaFi)
 19750 | D:13     | Found a transporter.
 19846 | D:13     | Found a blossoming altar of Fedhas.
 20113 | D:14     | Found a gate to the Vaults.
 20635 | D:14     | Reached skill level 17 in Axes
 20748 | D:14     | Noticed Frances
 20761 | D:14     | Killed Frances
 20817 | D:14     | Found a runed translucent gate.
 20817 | D:14     | Found a runed translucent gate.
 20817 | D:14     | Found a runed translucent gate.
 20821 | D:14     | Noticed rbyellow5's ghost (journeyman OnWr)
 20834 | D:14     | Reached XP level 16. HP: 108/108 MP: 14/16
 20840 | D:14     | Received a gift from Trog
 20859 | D:14     | Killed rbyellow5's ghost
 20940 | D:15     | Entered Level 15 of the Dungeon
 21075 | D:15     | Found Viwken's Antique Armour Boutique.
 21094 | D:15     | Identified the +1 leather armour of the Trombone {rElec
                  | rC+}
 21240 | D:15     | Found a staircase to the Depths.
 21401 | D:15     | Found Bunoaxes's General Store.
 21422 | D:15     | Bought 2 potions of heal wounds for 140 gold pieces
 21487 | D:15     | Identified a scroll of acquirement
 21488 | D:15     | Acquired the amulet of Stoicism {Reflect rF++ Int+4 SH+5}
 21689 | D:15     | Found Nunotz's General Store.
 21713 | D:15     | Found Plog's Distillery.
 21716 | D:15     | Bought a potion of haste for 120 gold pieces
 21716 | D:15     | Bought a potion of heal wounds for 60 gold pieces
 21716 | D:15     | Bought a potion of heal wounds for 60 gold pieces
 21716 | D:15     | Bought a potion of heal wounds for 60 gold pieces
 21716 | D:15     | Bought 2 potions of mutation for 192 gold pieces
 22155 | Shoals:1 | Entered Level 1 of the Shoals
 22220 | Shoals:1 | Reached skill level 10 in Shields
 23010 | Shoals:1 | Noticed a kraken
 23022 | Shoals:1 | Killed a kraken
 23431 | Shoals:1 | Noticed a kraken
 23449 | Shoals:1 | Killed a kraken
 24264 | Shoals:2 | Noticed Jorgrun
 24271 | Shoals:2 | Received a gift from Trog
 24279 | Shoals:2 | Killed Jorgrun
 24369 | Shoals:2 | Reached skill level 18 in Axes
 24549 | Shoals:2 | Noticed a kraken
 24722 | Shoals:2 | Killed a kraken
 25361 | Shoals:3 | Reached XP level 17. HP: 113/116 MP: 17/17
 25368 | Shoals:3 | Noticed Ilsuiw
 25402 | Shoals:3 | Killed Ilsuiw
 25403 | Shoals:3 | Killed from afar by a wind drake

Illustrated notes

Levels and vault maps discovered:
D:1:      dpeg_arrival_arbitrary_b, layout_loops_ring
D:2:      layout_loops_ring, serial_forest, infiniplex_forest_clump_long,
          infiniplex_forest_straight_1, infiniplex_forest_straight_3,
          infiniplex_forest_lined_2, infiniplex_forest_lined_room_2,
          infiniplex_forest_straight_2, infiniplex_forest_pool,
          infiniplex_forest_clump_diagonal, minmay_misc_feat_square,
          uniq_jessica
D:3:      cheibrodos_old_hovel, layout_rooms,
          mainiacjoe_overflow_large_starburst, uniq_grinder, uniq_natasha,
          uniq_sigmund
D:4:      layout_rooms, nicolae_overflow_squiral, serial_forest,
          infiniplex_forest_lined_room_3, infiniplex_forest_lined_2,
          infiniplex_forest_lined_2, infiniplex_forest_end_2,
          infiniplex_forest_end_3, infiniplex_forest_clump_tiny,
          infiniplex_forest_zigzag_1
D:5:      layout_rooms, gup_ossuary_entry_pyramid, gup_sewer_entry_spiral,
          uniq_eustachio, uniq_pikel
D:6:      layout_loops_ring, minmay_temple_entry_sparse_star,
          ebering_ghost_inner_flame, uniq_maggie, uniq_edmund,
          uniq_blork_the_orc
D:7:      layout_rooms, ebering_ghost_rock_garden, moated_statue,
          dk_noncrumbling_2, uniq_prince_ribbit1
D:8:      layout_basic, serial_shops, nicolae_shop_just_a_little_nook,
          minmay_liquid_box, uniq_psyche
D:9:      layout_basic, serial_shops, shop, uniq_erica, uniq_grum, uniq_harold
D:10:     layout_cross, minmay_holes
D:11:     layout_loops_cross, dpeg_oklobed_lair, uniq_urug, uniq_gastronok
D:12:     layout_irregular_city, orc_david_3, drop_trap, kiku_gazebo_pond_becter
D:13:     layout_long_grid, gammafunk_ghost_mausoleum, tgw_fedhas
D:14:     layout_roguey, hellmonk_vaults_order_and_chaos, minivault_25,
          gammafunk_ghost_spectres, uniq_frances
D:15:     grunt_enter_depths_snipers, layout_irregular_city, serial_shops,
          nicolae_shop_pleasant_corner_grove, shop, shop, shop,
          nicolae_eternal_life
Temple:   mainiacjoe_temple_bowtie_tessellation
Lair:1:   layout_loops_ring, basic_altar, infiniplex_staircase_pool,
          grunt_megastairs_4, lemuel_fruit_fields, lemuel_fruit_tree
Lair:2:   layout_cave_pods
Lair:3:   layout_roguey, minmay_shoals_entry_beasts,
          nicolae_spider_entry_tight_spaces, portal_ice_cave_rime,
          nicolae_quartered_pool_little, uniq_snorg
Lair:4:   layout_gridlike, minivault_25
Lair:5:   grunt_lair_end_beastmaster, layout_hall_layers,
          nicolae_slime_entry_slimehenge, serial_rivers,
          chequers_serial_rivers_large_b, chequers_serial_rivers_marsh,
          chequers_serial_rivers_room_a, chequers_serial_rivers_room_a,
          st_stairs_12, infiniplex_staircase_pool_2
Shoals:1: layout_shoals, nicolae_shoals_wave_tunnel
Shoals:2: layout_shoals, nicolae_shoals_water_shrine, uniq_jorgrun
Shoals:3: layout_shoals, nicolae_shoals_circle_sea_wall,
          nicolae_shoals_drake_roost, uniq_louise, uniq_ilsuiw
Orc:1:    layout_caves, uniq_erolcha
Orc:2:    st_orc_ogre_mass, layout_caves, gammafunk_ghost_cemetery

Skill      XL: |  1  2  3  4  5  6  7  8  9 10 11 12 13 14 15 16 |
---------------+-------------------------------------------------+-----
Dodging        | 2 |  2.0
Axes           | 3 5 7 8 9 10 12 13 14 15 17 18 | 18.1
Fighting       | 4 5 7 9 10 11 12 13 14 15 16 | 16.5
Armour         | 6 8 10 | 10.2
Shields        | 5 6 9 12 | 12.2
Throwing       | 6 8 9 10 11 | 11.7

Action                     |  1- 3 |  4- 6 |  7- 9 | 10-12 | 13-15 | 16-18 || total
---------------------------+-------+-------+-------+-------+-------+-------++-------
  Melee: Hand axe          |   133 |    38 |   509 |       |       |       ||   680
         Broad axe         |       |       |    44 |   648 |   974 |   454 ||  2120
  Throw: Dart              |       |       |       |     1 |     6 |    10 ||    17
         Throwing net      |       |       |       |     1 |       |       ||     1
         Javelin           |       |       |       |       |     8 |       ||     8
         Boomerang         |       |       |       |       |       |     2 ||     2
 Invoke: Berserk           |       |     2 |     5 |    12 |    17 |     6 ||    42
         Trog's Hand       |       |       |       |     4 |    10 |     5 ||    19
    Use: Scroll            |       |       |       |    12 |    11 |     4 ||    27
         Potion            |       |       |       |       |     2 |     2 ||     4
   Stab: Sleeping          |       |       |     1 |       |       |       ||     1
         Invisible         |       |       |       |       |     1 |    16 ||    17
 Armour: Animal skin       |    88 |     8 |       |       |       |       ||    96
         Ring mail         |       |    12 |   398 |       |   759 |   374 ||  1543
         Acid dragon scale |       |       |    40 |   535 |    61 |       ||   636
  Dodge: Dodged            |   104 |    10 |   344 |   354 |   363 |   230 ||  1405
  Block: Kite shield       |       |       |       |    76 |   452 |   375 ||   903
         Reflection        |       |       |       |       |       |    18 ||    18

Table legend: (Time is in decaauts)
 A = Elapsed time spent in this place.
 B = Non-inter-level travel time spent in this place.
 C = Inter-level travel time spent in this place.
 D = Time resting spent in this place.
 E = Time spent auto-exploring this place.
 F = Levels seen in this place.
 G = Mean time per level.
                   A        B        C        D        E       F      G
               +--------+--------+--------+--------+--------+-----+--------+
         Total |  25707 |  23133 |   2574 |   4108 |  12812 |  28 |  918.1 |
       Dungeon |  15036 |  13172 |   1864 |   2384 |   7592 |  15 | 1002.4 |
        Temple |     34 |      1 |     33 |      0 |      0 |   1 |   34.0 |
          Lair |   5346 |   4846 |    500 |    504 |   2948 |   5 | 1069.2 |
        Shoals |   2738 |   2686 |     52 |    845 |   1172 |   3 |  912.7 |
  Orcish Mines |   1430 |   1306 |    124 |     81 |    794 |   2 |  715.0 |
         Sewer |    414 |    414 |      0 |     41 |    175 |   1 |  414.0 |
      Ice Cave |    706 |    706 |      0 |    252 |    130 |   1 |  706.0 |
               +--------+--------+--------+--------+--------+-----+--------+

Top non-repeatable levels by time:
     D:2: 1405 daAuts
Shoals:2: 1385 daAuts
    D:11: 1307 daAuts
     D:6: 1281 daAuts
Shoals:1: 1234 daAuts
  Lair:5: 1209 daAuts
     D:9: 1179 daAuts
  Lair:2: 1150 daAuts
    D:15: 1092 daAuts
  Lair:1: 1086 daAuts
     D:3: 1029 daAuts
  Lair:3: 986 daAuts
    D:14: 973 daAuts
     D:8: 958 daAuts
    D:10: 945 daAuts
